[Event "Team 45 45 League T55"]
[Site "Internet Chess Club"]
[Date "2012.12.08"]
[Round "4"]
[White "kidviper"]
[Black "charles-allen"]
[Result "1/2-1/2"]
[WhiteElo "1934"]
[BlackElo "1889"]
[Opening "Petrov: Nimzovich attack"]
[ECO "C42"]
[Time "13:08:56"]
[TimeControl "2700+45"]

1. e4 e5 2. Nf3 Nf6 3. Nxe5 d6 4. Nf3 Nxe4 5. Nc3 Nxc3 6. dxc3 Be7 7. Be3 Nc6 8.
Qd2 Be6 9. Bd3 Qd7 10. Nd4 Ne5 11. O-O Nxd3 12. Qxd3 O-O 13. f4 Bf6 14. f5 Bd5
15. c4 Bc6 16. Nxc6 Qxc6 17. Bd4 Bxd4+ 18. Qxd4 Qb6 19. Qxb6 axb6 20. a3 Rfe8
21. Rfe1 Kf8 22. Kf2 Ra5 23. Rxe8+ Kxe8 24. Re1+ Re5 25. Rxe5+ dxe5 26. Ke3 Ke7
27. Ke4 f6 28. g4 Kd6 29. c3 Kc5 30. b3 b5 31. cxb5 Kxb5 32. h4 h6 33. h5 Kc5
34. a4 Kb6 35. b4 c5 36. Kd5 cxb4 37. cxb4 Kc7 38. a5 Kd7 39. b5 Kc7 40. Kc5 b6+
41. Kb4 bxa5+ 42. Kxa5 Kb7 43. Kb4 Kb6 44. Kc4 Kb7 45. Kc5 Kc7 46. b6+ Kb7 47.
Kb5 Kc8 48. Kc5 Kb8 49. Kd5 Kb7 50. Kc5 e4 51. Kd4 Kxb6 52. Kxe4 Kc5 53. Ke3
{Game drawn by mutual agreement} 1/2-1/2

[Event "Team 45 45 League T55"]
[Site "Internet Chess Club"]
[Date "2012.12.08"]
[Round "4"]
[White "j65536d"]
[Black "hewdondada"]
[Result "1-0"]
[WhiteElo "1887"]
[BlackElo "1776"]
[Opening "Scandinavian (center counter) defense"]
[ECO "B01"]
[Time "18:10:03"]
[TimeControl "2700+45"]

1. e4 d5 2. exd5 Qxd5 3. Nf3 Nf6 4. d4 Bg4 5. Be2 Nbd7 6. c4 Qa5+ 7. Bd2 Qb6 8.
Nc3 c6 9. Qc2 Bxf3 10. Bxf3 Qxd4 11. Ne2 Qd6 12. Rd1 Qc7 13. O-O e6 14. Rfe1 Bd6
15. g3 O-O 16. Bc3 Rfd8 17. Rd2 a5 18. Red1 Bb4 19. a3 Bxc3 20. Nxc3 Ne5 21. Be2
Rxd2 22. Qxd2 Kf8 23. f4 Ned7 24. Bf3 Ke7 25. Qe3 Qb6 26. Qf2 Qxf2+ 27. Kxf2 Rd8
28. b4 axb4 29. axb4 Nb6 30. Rxd8 Kxd8 31. Be2 Nc8 32. Ke3 h5 33. Ne4 Ng4+ 34.
Kd4 g6 35. Bxg4 hxg4 36. Nf6 Nb6 37. Nxg4 Nd7 38. h4 Ke7 39. Ne5 Nxe5 40. fxe5
b6 41. Ke4 f6 42. exf6+ Kxf6 43. g4 b5 44. c5 e5 45. h5 gxh5 46. gxh5 {Black
resigns} 1-0

[Event "Team 45 45 League T55"]
[Site "Internet Chess Club"]
[Date "2012.12.09"]
[Round "4"]
[White "RamRock"]
[Black "ChessicalZ"]
[Result "1-0"]
[WhiteElo "1799"]
[BlackElo "1843"]
[Opening "Alekhine's defense: modern, Flohr variation"]
[ECO "B05"]
[Time "18:00:50"]
[TimeControl "2700+45"]

1. e4 Nf6 2. e5 Nd5 3. d4 d6 4. Nf3 Bg4 5. Be2 c6 6. O-O Bxf3 7. Bxf3 dxe5 8.
dxe5 e6 9. c4 Ne7 10. Qxd8+ Kxd8 11. Rd1+ Nd7 12. Be4 Kc7 13. f4 Ng6 14. Be3 Bc5
15. Bxc5 Nxc5 16. Bxg6 hxg6 17. Nc3 Rad8 18. g3 a5 19. h4 f5 20. b3 Rxd1+ 21.
Rxd1 Rd8 22. Rxd8 Kxd8 23. Kf2 a4 24. Nxa4 Nxa4 25. bxa4 c5 26. Kf3 b6 27. g4
Ke8 28. h5 Kf7 29. Kg3 gxh5 30. gxh5 Kg8 31. Kh4 Kf7 32. Kg5 Kf8 33. Kg6 Kg8 34.
h6 Kh8 35. hxg7+ Kg8 36. Kf6 b5 37. axb5 Kh7 38. Kf7 Kh6 39. g8=Q Kh5 40. Qg5#
{Black checkmated} 1-0

[Event "Team 45 45 League T55"]
[Site "Internet Chess Club"]
[Date "2012.12.07"]
[Round "4"]
[White "tightfist"]
[Black "kidcobra"]
[Result "0-1"]
[WhiteElo "1606"]
[BlackElo "1728"]
[Opening "Dutch with c4 & Nc3"]
[ECO "A85"]
[Time "13:02:32"]
[TimeControl "2700+45"]

1. c4 f5 2. d4 Nf6 3. Nc3 e6 4. g3 Be7 5. Bg2 d5 6. Nf3 Nc6 7. c5 b6 8. b4 O-O
9. b5 Na5 10. c6 Bb4 11. Qc2 Ne4 12. Bd2 Nxc3 13. Bxc3 Bxc3+ 14. Qxc3 Nc4 15.
O-O Qe7 16. a4 Nd6 17. Qa3 Re8 18. Ne5 Nf7 19. a5 Qxa3 20. Rxa3 Nd6 21. Rb1 a6
22. axb6 cxb6 23. e3 Re7 24. bxa6 b5 25. Bf1 Rxa6 26. Rab3 Nc4 27. Bxc4 bxc4 28.
Rb8 Re8 29. R1b6 Ra1+ 30. Kg2 c3 31. Rb1 Ra6 32. Rc1 Ra3 33. Rc2 Kf8 34. h4 Ke7
35. Kf3 Kd6 36. Rb6 Kc7 37. Rb5 Ba6 38. Rc5 Rb8 39. R5xc3 Ra1 40. Rc1 Ra2 41.
R3c2 Ra3 42. Rc3 Ra2 43. Nf7 Rbb2 44. Kf4 Rxf2+ 45. Ke5 Rg2 46. Kxe6 Bc8+ 47.
Kxd5 Rxg3 48. Ke5 Rg4 49. Nd6 Ra5+ 50. Rc5 Ra2 51. Nxc8 Kxc8 52. Kxf5 Rag2 53.
d5 Rxh4 54. d6 Rf2+ 55. Ke5 g6 56. R1c4 Rh3 57. Ke4 Re2 58. Rc3 Rd2 59. R5c4
Rxd6 60. Ke5 Kc7 61. e4 Rh4 62. Rc5 Rh5+ 63. Kf4 Rxc5 64. Rxc5 Rxc6 65. Re5 Kd7
66. Kg5 Kd6 67. Re8 Rc7 68. Kh6 Kd7 69. Re5 Rb7 70. Rd5+ Ke6 71. Ra5 Kf6 72. Rc5
Re7 73. Rb5 Rxe4 74. Kxh7 g5 75. Rb6+ Kf5 76. Rb5+ Kf4 77. Kg6 g4 78. Rf5+ Ke3
79. Rg5 Kf3 80. Rf5+ Rf4 81. Ra5 g3 82. Ra3+ Kg4 83. Ra2 Rf2 84. Ra4+ Kh3 85.
Kg5 Rc2 86. Rh4+ Kg2 87. Rg4 Rc8 88. Ra4 Rc2 89. Kg4 Kh2 90. Ra3 Rc8 91. Ra2+ g2
92. Kf3 Rf8+ 93. Ke3 Kh1 94. Rxg2 Kxg2 95. Kd3 Re8 96. Kd4 Kf3 97. Kd5 Kf4 98.
Kd4 Rd8+ 99. Kc5 Ke4 100. Kc6 Ke5 101. Kc5 Rc8+ 102. Kb6 Kd5 103. Kb7 Rc6 104.
Ka7 Kc5 105. Kb7 Kb5 106. Kb8 Kb6 107. Ka8 Rc8# {White checkmated} 0-1

[Event "Team 45 45 League T55"]
[Site "Internet Chess Club"]
[Date "2012.12.09"]
[Round "4"]
[White "primerpaso"]
[Black "Shijith"]
[Result "0-1"]
[WhiteElo "1905"]
[BlackElo "2053"]
[Opening "English: Caro-Kann defensive system"]
[ECO "A11"]
[Time "20:07:57"]
[TimeControl "2700+45"]

1. c4 c6 2. Nc3 Nf6 3. g3 d5 4. cxd5 cxd5 5. d4 Nc6 6. Bg2 Bf5 7. Nf3 e6 8. O-O
Bd6 9. Bf4 Bxf4 10. gxf4 O-O 11. Rc1 Rc8 12. a3 Na5 13. Ne5 Qb6 14. b4 Nc4 15.
Nxc4 Rxc4 16. e3 Rfc8 17. Ne2 Rxc1 18. Nxc1 Rc3 19. Na2 Rc2 20. Qa1 Qc7 21. f3
Qc4 22. Rf2 h6 23. Bf1 Qb3 24. Rxc2 Qxc2 {White forfeits on time} 0-1

[Event "Team 45 45 League T55"]
[Site "Internet Chess Club"]
[Date "2012.12.09"]
[Round "4"]
[White "Archdruid"]
[Black "frank001"]
[Result "1-0"]
[WhiteElo "1588"]
[BlackElo "1682"]
[Opening "Réti opening"]
[ECO "A05"]
[Time "23:00:31"]
[TimeControl "2700+45"]

1. Nf3 Nf6 2. b3 c5 3. Bb2 Nc6 4. e3 a6 5. c4 d5 6. Be2 Bg4 7. Ne5 Bxe2 8. Qxe2
d4 9. Nxc6 bxc6 10. exd4 cxd4 11. d3 e6 12. O-O Be7 13. Nd2 O-O 14. f4 Qd7 15.
Ne4 Ne8 16. Qf2 Rd8 17. Qg3 f5 18. Ng5 Rf6 19. Rae1 Rg6 20. Qf3 Bxg5 21. fxg5
Rxg5 22. Bc1 Rg6 23. Re5 Nf6 24. h3 Qd6 25. Bf4 Qe7 26. Rfe1 Nd7 27. Rxf5 Qh4
28. g3 Qxh3 29. Rh5 Qg4 30. Qxg4 Rxg4 31. Rxe6 Nf8 32. Rxc6 g6 33. Ra5 Re8 34.
Kg2 Re1 35. Kf2 Rd1 36. Ke2 Rh1 37. Rcxa6 Rh2+ 38. Kf3 h5 39. Ra8 Kf7 40. R5a7+
Ke6 41. Rxf8 g5 42. Re8+ Kf5 43. Ra5+ Kf6 44. Be5+ Kf7 45. Rh8 Ke6 46. Rxh5
{Black resigns} 1-0

[Event "Team 45 45 League T55"]
[Site "Internet Chess Club"]
[Date "2012.12.08"]
[Round "4"]
[White "FlyingTiger"]
[Black "Egmont"]
[Result "1/2-1/2"]
[WhiteElo "1707"]
[BlackElo "1680"]
[Opening "Sicilian: closed, 2...Nc6"]
[ECO "B23"]
[Time "13:00:05"]
[TimeControl "2700+45"]

1. e4 c5 2. Nc3 Nc6 3. Bb5 Nd4 4. Bc4 e6 5. Nge2 Nxe2 6. Qxe2 Ne7 7. d3 Nc6 8.
Bf4 Nd4 9. Qd2 a6 10. a4 Be7 11. O-O O-O 12. Ne2 Nxe2+ 13. Qxe2 Re8 14. e5 d6
15. exd6 Bxd6 16. Qf3 Bxf4 17. Qxf4 Bd7 18. Rfe1 Bc6 19. Bb3 Qd4 20. Qxd4 cxd4
21. Re5 Red8 22. Rae1 Rd6 23. f4 g6 24. Kf2 Rad8 25. g4 Bd5 26. Bxd5 Rxd5 27.
Kf3 Kf8 28. h4 Ke7 29. g5 Kd6 30. Ke4 Rxe5+ 31. fxe5+ Kc5 32. Rf1 Rd7 33. Rf2
Kb4 34. b3 Kc5 35. Rh2 Kb4 36. h5 Kc3 37. hxg6 hxg6 38. Kf4 Kb2 39. Ke4 b5 40.
axb5 axb5 41. c4+ Kxb3 42. cxb5 Kc3 43. Ra2 Kb4 44. b6 Kc5 45. Ra7 Kc6 46. Rxd7
Kxd7 47. Kxd4 Kc6 48. b7 Kxb7 49. Kc5 Kc7 50. d4 Kd7 51. Kb6 Kc8 52. Kc6 Kd8 53.
Kd6 Ke8 54. Kc6 Kd8 55. Kd6 Ke8 56. Kc6 Kd8 {Game drawn by repetition} 1/2-1/2

[Event "Team 45 45 League T55"]
[Site "Internet Chess Club"]
[Date "2012.12.05"]
[Round "4"]
[White "zigzag2002"]
[Black "Portola"]
[Result "1-0"]
[WhiteElo "1981"]
[BlackElo "1764"]
[Opening "French: Tarrasch"]
[ECO "C03"]
[Time "20:00:40"]
[TimeControl "2700+45"]

1. e4 e6 2. d4 d5 3. Nd2 dxe4 4. Nxe4 Be7 5. Nf3 Nf6 6. Ng3 Nbd7 7. Bd3 O-O 8.
O-O b6 9. Re1 Bb7 10. c3 c5 11. Bf4 Re8 12. Ne5 g6 13. Qe2 Nxe5 14. dxe5 Nd7 15.
Rad1 Qc7 16. Bb5 Red8 17. Qg4 a6 18. Bc4 Nf8 19. h4 Rxd1 20. Rxd1 Qc6 21. f3 b5
22. Be2 Kh8 23. Bg5 Bxg5 24. Qxg5 Nd7 25. h5 gxh5 26. Rxd7 Qxd7 27. Nxh5 f5 28.
exf6 Qf7 29. Qe5 c4 30. g4 Rg8 31. Kf2 Rd8 32. a3 Bc6 33. Nf4 Bd7 34. Nh3 Rf8
35. g5 Kg8 36. Nf4 Bc8 37. Ng2 Rd8 38. Ne3 Bb7 39. Ng4 Qg6 40. Qxe6+ Kh8 41. Nh6
Bd5 42. Qe5 Bf7 43. Qe7 Re8 44. Nxf7+ Qxf7 45. Qxf7 Rxe2+ 46. Kxe2 {Black
resigns} 1-0

[Event "Team 45 45 League T55"]
[Site "Internet Chess Club"]
[Date "2012.12.08"]
[Round "4"]
[White "steadman"]
[Black "Pinkberry"]
[Result "1-0"]
[WhiteElo "2130"]
[BlackElo "2097"]
[Opening "Benkö gambit half accepted"]
[ECO "A57"]
[Time "15:10:10"]
[TimeControl "2700+45"]

1. d4 Nf6 2. c4 c5 3. d5 b5 4. cxb5 a6 5. e3 g6 6. Nc3 d6 7. Nf3 Bg7 8. a4 O-O
9. Be2 axb5 10. Bxb5 Ba6 11. O-O Bxb5 12. Nxb5 Na6 13. Re1 Ne4 14. Qc2 f5 15.
Bd2 g5 16. Bc3 g4 17. Nd2 Nxc3 18. bxc3 Qe8 19. Nc4 Qh5 20. Qe2 Rf6 21. f4 Rh6
22. g3 Qf7 23. e4 Bf8 24. exf5 Qxf5 25. Ne3 Qf7 26. Qxg4+ Rg6 27. Qf5 Qg7 28.
Qd7 Nb8 29. Qb7 Rxg3+ 30. hxg3 Qxg3+ 31. Ng2 {Black resigns} 1-0

[Event "Team 45 45 League T55"]
[Site "Internet Chess Club"]
[Date "2012.12.09"]
[Round "4"]
[White "Justi"]
[Black "CHENENE"]
[Result "0-1"]
[WhiteElo "2070"]
[BlackElo "1634"]
[Opening "Philidor: Hanham variation"]
[ECO "C41"]
[Time "19:45:55"]
[TimeControl "2700+45"]

1. e4 e5 2. Nf3 d6 3. d4 Nd7 4. Bc4 c6 5. a4 Be7 6. Nc3 Ngf6 7. Bxf7+ Kxf7 8.
Ng5+ Kg8 9. Ne6 Qa5 10. O-O exd4 11. Qxd4 Qe5 12. Qxe5 Nxe5 13. Nc7 Rb8 14. f4
Nf7 15. Be3 b6 16. a5 Ng4 17. Bd4 c5 18. Bf2 Nxf2 19. Kxf2 bxa5 20. N3d5 Bd8 21.
b3 Rb7 22. f5 Rxc7 23. Nxc7 Bxc7 24. g4 Bb7 25. Ke3 h6 26. h4 Ne5 27. Rg1 Kf7
28. c4 Nc6 29. Rab1 Re8 30. g5 hxg5 31. hxg5 Nd4 32. Rg4 Nxf5+ 33. Kd3 Nd4 34.
g6+ Ke6 35. Rf1 Re7 36. Rf8 Nc6 37. Ke3 Ne5 38. Rg1 Kd7 39. Kf4 Bxe4 {White
resigns} 0-1

[Event "Team 45 45 League T55"]
[Site "Internet Chess Club"]
[Date "2012.12.09"]
[Round "4"]
[White "Drekov"]
[Black "chess09"]
[Result "1-0"]
[WhiteElo "1853"]
[BlackElo "1971"]
[Opening "QGD semi-Slav"]
[ECO "D43"]
[Time "11:31:15"]
[TimeControl "2700+45"]

1. d4 d5 2. c4 c6 3. Nf3 Nf6 4. Nc3 e6 5. Bg5 Be7 6. e3 O-O 7. cxd5 exd5 8. Bd3
h6 9. Bh4 Re8 10. O-O Bg4 11. h3 Bh5 12. g4 Bg6 13. Bxg6 fxg6 14. Ne5 g5 15. Bg3
Bd6 16. Rb1 Qc7 17. b4 Nbd7 18. Nxd7 Bxg3 19. Nxf6+ gxf6 20. Qf3 Bh2+ 21. Kg2
Kg7 22. Rfc1 Qb8 23. b5 cxb5 24. Nxd5 Rf8 25. Rxb5 Bd6 26. Nc3 b6 27. Ne4 Be7
28. Ng3 Qe8 29. Nf5+ Kh7 30. Qe4 Ba3 31. Rc7+ Kh8 32. Qb7 Qxb5 33. Rh7+ Kg8 34.
Qg7# {Black checkmated} 1-0

[Event "Team 45 45 League T55"]
[Site "Internet Chess Club"]
[Date "2012.12.08"]
[Round "4"]
[White "jps7"]
[Black "frank001"]
[Result "0-1"]
[WhiteElo "1691"]
[BlackElo "1704"]
[Opening "Queen's pawn game"]
[ECO "A46"]
[Time "03:06:58"]
[TimeControl "2700+45"]

1. d4 Nf6 2. Nf3 c5 3. e3 g6 4. Bd3 Bg7 5. c3 O-O 6. dxc5 a5 7. O-O Qc7 8. b4
axb4 9. cxb4 Nd5 10. Qb3 Nxb4 11. Qxb4 Bxa1 12. Bd2 Na6 13. Bxa6 Rxa6 14. Na3
Bg7 15. Nb5 Qb8 16. a4 b6 17. cxb6 Rxb6 18. Qe4 Re6 19. Qc2 Ba6 20. Rb1 Rb6 21.
Ba5 Rb7 22. Qb3 Rc8 23. Ng5 e6 24. Ne4 Bxb5 25. axb5 d5 26. Nd2 Rc5 27. Qa4
Rcxb5 28. Rxb5 Rxb5 29. Bc7 Rb1+ 30. Nf1 Qxc7 31. Qe8+ Bf8 32. g3 Qc1 33. Kg2
Qxf1+ 34. Kf3 Qh1+ 35. Kg4 Qxh2 36. f4 Qh5# {White checkmated} 0-1

[Event "Team 45 45 League T55"]
[Site "Internet Chess Club"]
[Date "2012.12.10"]
[Round "4"]
[White "primerpaso"]
[Black "fledermaus"]
[Result "1/2-1/2"]
[WhiteElo "1907"]
[BlackElo "1955"]
[Opening "English: closed, Hort variation"]
[ECO "A25"]
[Time "16:01:31"]
[TimeControl "2700+45"]

1. c4 e5 2. Nc3 Nc6 3. g3 g6 4. Bg2 Bg7 5. e3 d6 6. Nge2 Be6 7. b3 Nge7 8. Nd5
Bxd5 9. cxd5 Nb4 10. Nc3 Nd3+ 11. Ke2 Nxc1+ 12. Rxc1 c5 13. dxc6 bxc6 14. Re1
O-O 15. Kf1 Qd7 16. d4 exd4 17. e4 {Game drawn by mutual agreement} 1/2-1/2

[Event "Team 45 45 League T55"]
[Site "Internet Chess Club"]
[Date "2012.12.10"]
[Round "4"]
[White "SaltofLife"]
[Black "cesaralexander"]
[Result "1-0"]
[WhiteElo "1891"]
[BlackElo "1911"]
[Opening "QGA: classical, Rubinstein variation"]
[ECO "D26"]
[Time "16:04:06"]
[TimeControl "2700+45"]

1. d4 d5 2. Nf3 Nf6 3. c4 dxc4 4. e3 e6 5. Bxc4 a6 6. a4 c5 7. O-O Nc6 8. Nc3
cxd4 9. exd4 Nb4 10. Qe2 Be7 11. Bg5 O-O 12. Rfe1 b6 13. Rad1 Bb7 14. d5 Re8 15.
dxe6 Bxf3 16. exf7+ Kh8 17. fxe8=Q+ Qxe8 18. Qxf3 {Black resigns} 1-0

[Event "Team 45 45 League T55"]
[Site "Internet Chess Club"]
[Date "2012.12.08"]
[Round "4"]
[White "CaoCao"]
[Black "Wholebrain"]
[Result "0-1"]
[WhiteElo "1857"]
[BlackElo "1958"]
[Opening "Sicilian: Pelikan, Chelyabinsk variation"]
[ECO "B32"]
[Time "15:05:02"]
[TimeControl "2700+45"]

1. e4 c5 2. Nf3 Nc6 3. d4 cxd4 4. Nxd4 e5 5. Nb5 Nf6 6. N1c3 d6 7. Bg5 a6 8. Na3
b5 9. Nd5 Be7 10. Nxe7 Qxe7 11. Bd3 O-O 12. c3 h6 13. Bh4 g5 14. Bg3 Be6 15. O-O
Rfd8 16. Qe2 Rd7 17. Rfd1 Rad8 18. Nc2 d5 19. exd5 Nxd5 20. a4 b4 21. c4 Nf6 22.
f3 b3 23. Ne3 Nd4 24. Qf2 Nh5 25. Bxe5 Nc6 26. Bc7 Rxc7 27. Nd5 Bxd5 28. cxd5
Nb4 {White resigns} 0-1

[Event "Team 45 45 League T55"]
[Site "Internet Chess Club"]
[Date "2012.12.10"]
[Round "4"]
[White "HomerSimpson"]
[Black "Barrett-CCSCSL"]
[Result "1/2-1/2"]
[WhiteElo "2075"]
[BlackElo "2135"]
[Opening "Polish (Sokolsky) opening"]
[ECO "A00"]
[Time "21:32:12"]
[TimeControl "2700+45"]

1. b4 Nf6 2. Bb2 b6 3. c4 Bb7 4. Nf3 d6 5. d4 g6 6. e3 Bg7 7. Be2 O-O 8. O-O Re8
9. a4 Nbd7 10. Nc3 c6 11. a5 e5 12. d5 bxa5 13. dxc6 Bxc6 14. Qxd6 Bxf3 15. Bxf3
e4 16. Be2 axb4 17. Nb5 Qb6 18. Ra6 Qxd6 19. Nxd6 Nc5 20. Nxe8 Nxe8 21. Bxg7
Nxa6 22. Bd4 Nac7 23. f3 a5 24. Rb1 f5 25. c5 Kf7 26. Bc4+ Kf8 27. fxe4 fxe4 28.
c6 Ke7 29. Bc5+ Nd6 30. Rf1 Ne6 31. Bxd6+ Kxd6 32. Rf6 Kxc6 33. Rxe6+ Kc5 34.
Rxe4 a4 35. Be2 b3 36. Rc4+ Kd5 37. Rb4 a3 38. Bf3+ Kc5 39. Rxb3 a2 40. Rc3+ Kb4
41. Rc1 a1=Q 42. Rxa1 Rxa1+ 43. Kf2 Kc3 {Game drawn by mutual agreement} 1/2-1/2

[Event "Team 45 45 League T55"]
[Site "Internet Chess Club"]
[Date "2012.12.10"]
[Round "4"]
[White "room-matt"]
[Black "TerryMalloy"]
[Result "0-1"]
[WhiteElo "1786"]
[BlackElo "2039"]
[Opening "Vienna game"]
[ECO "C28"]
[Time "15:45:52"]
[TimeControl "2700+45"]

1. e4 e5 2. Bc4 Nc6 3. Nc3 Nf6 4. d3 Na5 5. Qf3 Nxc4 6. dxc4 Bb4 7. Ne2 d6 8. h3
Be6 9. b3 Nd7 10. O-O O-O 11. Nd5 Bc5 12. b4 Bxd5 13. cxd5 Bxb4 14. Rb1 Bc5 15.
Rxb7 Bb6 16. Qg4 Nc5 17. Bh6 Qf6 18. Bg5 Qg6 19. Ng3 h6 20. Rxb6 axb6 21. Be3
Qxg4 22. hxg4 Rxa2 23. c4 Rfa8 24. Bxc5 dxc5 25. Nf5 Ra1 26. Rxa1 Rxa1+ 27. Kh2
g6 28. Nxh6+ Kf8 29. g5 Rc1 30. Ng4 Rxc4 31. f3 b5 32. Nxe5 Rc3 33. f4 b4 {White
resigns} 0-1

[Event "Team 45 45 League T55"]
[Site "Internet Chess Club"]
[Date "2012.12.07"]
[Round "4"]
[White "chsrules88"]
[Black "bshribharath"]
[Result "1-0"]
[WhiteElo "2025"]
[BlackElo "1817"]
[Opening "Sicilian"]
[ECO "B50"]
[Time "20:01:59"]
[TimeControl "2700+45"]

1. e4 c5 2. Nf3 d6 3. Bd3 Nf6 4. O-O e6 5. c3 Be7 6. Bc2 Nc6 7. d4 cxd4 8. cxd4
Nb4 9. Nc3 Nxc2 10. Qxc2 O-O 11. e5 Nd5 12. Nxd5 exd5 13. Bf4 h6 14. Rac1 Bg4
15. Qc7 Bxf3 16. gxf3 Bg5 17. Qxd8 Bxd8 18. exd6 Bb6 19. Rfd1 Rac8 20. Rc3 f6
21. Rdc1 Rxc3 22. bxc3 Kf7 23. Kf1 g5 24. Bg3 Re8 25. Rb1 Rc8 26. Rb3 Ke6 27.
Ke2 Kd7 28. Kd3 h5 29. h4 Kc6 30. a4 Rg8 31. Rb4 f5 32. hxg5 Rxg5 33. Rb1 Rg7
34. Re1 Bd8 35. Re8 Bf6 36. Rf8 Rg6 37. Rc8+ Kd7 38. Rc7+ Kd8 39. Rh7 f4 40.
Bxf4 h4 41. Be5 Bg5 42. f4 {Black resigns} 1-0

[Event "Team 45 45 League T55"]
[Site "Internet Chess Club"]
[Date "2012.12.09"]
[Round "4"]
[White "az2112"]
[Black "Muravey"]
[Result "0-1"]
[WhiteElo "1668"]
[BlackElo "2090"]
[Opening "Bogo-Indian defense, Nimzovich variation"]
[ECO "E11"]
[Time "10:00:43"]
[TimeControl "2700+45"]

1. d4 Nf6 2. c4 e6 3. Nf3 Bb4+ 4. Bd2 Qe7 5. a3 Bxd2+ 6. Qxd2 b6 7. e3 Ne4 8.
Qc2 Bb7 9. Be2 O-O 10. O-O d6 11. Nbd2 f5 12. Rfd1 Nd7 13. d5 exd5 14. cxd5 Ndf6
15. Nxe4 fxe4 16. Nd2 Bxd5 17. Bc4 Bxc4 18. Qxc4+ d5 19. Qc6 Rad8 20. Rac1 Ng4
21. Qxc7 Qh4 22. Rf1 Rc8 23. Qg3 Qxg3 24. fxg3 Rxf1+ 25. Rxf1 Rc2 {White
resigns} 0-1

[Event "Team 45 45 League T55"]
[Site "Internet Chess Club"]
[Date "2012.12.09"]
[Round "4"]
[White "Fezzik"]
[Black "SonOfFlash"]
[Result "1-0"]
[WhiteElo "2209"]
[BlackElo "2075"]
[Opening "Grünfeld: Grünfeld gambit, Capablanca variation"]
[ECO "D82"]
[Time "00:38:16"]
[TimeControl "2700+45"]

1. d4 Nf6 2. c4 g6 3. Nc3 d5 4. Bf4 Bg7 5. Rc1 O-O 6. e3 c6 7. Nf3 Qa5 8. Bd3
Na6 9. O-O Nb4 10. cxd5 Nfxd5 11. Nxd5 Nxd5 12. Be5 Qxa2 13. Bxg7 Kxg7 14. Qd2
Qb3 15. e4 Nb6 16. Rc5 f6 17. h3 Qf7 18. Ra1 Be6 19. Rca5 Nc4 20. Bxc4 Bxc4 21.
Rxa7 Rxa7 22. Rxa7 Ba6 23. Qb4 Qe6 24. Nd2 Rd8 25. f3 Qd7 26. Nb3 Qc7 27. Nc5
Qd6 28. Nxa6 bxa6 29. Rxe7+ Kf8 30. Qxd6 Rxd6 31. Rxh7 Rxd4 32. Ra7 Ra4 33. Kh2
Ra2 34. b4 Ke8 35. Kg3 Ra4 36. Rc7 Rxb4 37. Rxc6 Ke7 38. Rxa6 Rb2 39. h4 Kf7 40.
Kh3 Rf2 41. Ra7+ Kf8 42. Kg3 Rc2 43. f4 Rc3+ 44. Kg4 Rc4 45. h5 gxh5+ 46. Kf5
Kg8 47. Kg6 Rc8 48. Kxf6 h4 49. e5 {Black resigns} 1-0

[Event "Team 45 45 League T55"]
[Site "Internet Chess Club"]
[Date "2012.12.09"]
[Round "4"]
[White "daniguti"]
[Black "steadman"]
[Result "1/2-1/2"]
[WhiteElo "1871"]
[BlackElo "2120"]
[Opening "Sicilian: Taimanov variation"]
[ECO "B48"]
[Time "11:00:42"]
[TimeControl "2700+45"]

1. e4 c5 2. Nf3 Nc6 3. d4 cxd4 4. Nxd4 e6 5. Nc3 Qc7 6. Be3 a6 7. Qd2 Nf6 8. f3
Be7 9. O-O-O O-O 10. g4 b5 11. h4 Bb7 12. g5 Nh5 13. Rg1 Rfd8 14. Bh3 Ne5 15.
Qf2 Nc4 16. Bg4 Nxb2 17. Nd5 Bxd5 18. Kxb2 Ba3+ 19. Kb1 Qc3 20. Bc1 Qb4+ 21. Ka1
Qc3+ 22. Kb1 Qb4+ 23. Nb3 Bxb3 24. cxb3 Bxc1 25. Rxc1 Nf4 26. Rgd1 e5 27. Qb2 d5
28. Qxe5 Ng6 29. Qc7 d4 30. h5 Nf8 31. Bf5 Qd6 32. Qxd6 Rxd6 33. e5 Rdd8 34. Rc7
g6 35. Bg4 Rd5 36. f4 Ne6 37. Bxe6 fxe6 38. hxg6 hxg6 39. Re7 Rf8 40. Rxe6 Rxf4
41. Rxg6+ Kf7 42. Rxa6 Rxe5 43. Rg1 Re7 44. Rh6 Kg7 45. Rd6 Ra7 46. Rg2 Re7 47.
Rd5 Rb7 48. Kc2 b4 49. Kd3 Rc7 50. Kd2 Ra7 51. Kd3 Rc7 52. Rb5 Rc3+ 53. Kd2 Rf1
54. Rxb4 Rfc1 55. Re2 d3 56. Re6 R1c2+ 57. Kd1 Rc1+ 58. Kd2 R1c2+ 59. Kd1 Rc1+
60. Kd2 {Game drawn by repetition} 1/2-1/2

[Event "Team 45 45 League T55"]
[Site "Internet Chess Club"]
[Date "2012.12.08"]
[Round "4"]
[White "PoisonPawn"]
[Black "nurmi"]
[Result "1-0"]
[WhiteElo "2028"]
[BlackElo "1946"]
[Opening "Philidor: Improved Hanham variation"]
[ECO "B07"]
[Time "17:12:35"]
[TimeControl "2700+45"]

1. e4 d6 2. d4 Nf6 3. Nc3 e5 4. Nf3 Nbd7 5. Bc4 Be7 6. O-O O-O 7. Re1 c6 8. a4
a5 9. h3 Qc7 10. Be3 h6 11. Qd2 Re8 12. Bxh6 gxh6 13. Qxh6 Nf8 14. Qg5+ Kh8 15.
Bxf7 N8h7 16. Qh6 Bf8 17. Qg6 Re7 18. Ng5 Nxg5 19. Qxf6+ Bg7 20. Qxg5 Rxf7 21.
d5 cxd5 22. Nxd5 Qxc2 23. Ne7 Qxf2+ 24. Kh1 Qf6 25. Qh5+ Qh6 26. Qxf7 Bxh3 27.
Kg1 Bg4 28. Ra3 Bh5 29. Qd5 Rf8 30. Rh3 Rf4 31. Qg8# {Black checkmated} 1-0

[Event "Team 45 45 League T55"]
[Site "Internet Chess Club"]
[Date "2012.12.09"]
[Round "4"]
[White "hariputter"]
[Black "MaartenKoning"]
[Result "0-1"]
[WhiteElo "2121"]
[BlackElo "2283"]
[Opening "French: Winawer, advance, poisoned pawn, Konstantinopolsky variation"]
[ECO "C18"]
[Time "13:46:17"]
[TimeControl "2700+45"]

1. e4 e6 2. d4 d5 3. Nc3 Bb4 4. e5 c5 5. a3 Bxc3+ 6. bxc3 Ne7 7. Qg4 cxd4 8.
Qxg7 Rg8 9. Qxh7 Qc7 10. Ne2 Nbc6 11. f4 dxc3 12. Qd3 d4 13. Nxd4 Nxd4 14. Qxd4
Bd7 15. Rb1 Nf5 16. Qf2 Qc6 17. Rb4 Qd5 18. Rg1 Bc6 19. Bd3 O-O-O 20. g3 Nd4 21.
Kf1 Nf3 22. Rg2 Nd2+ 23. Bxd2 Qxg2+ 24. Qxg2 Bxg2+ 25. Kxg2 cxd2 26. Rb1 Rd4 27.
Kf3 Ra4 28. Rd1 Rxa3 29. h4 a5 30. h5 Rh8 31. Kg4 a4 32. Kg5 b5 33. Rxd2 b4 34.
h6 Rc3 35. h7 a3 36. Rd1 a2 37. Kh6 b3 38. Ba6+ Kc7 39. cxb3 Rxg3 40. Bd3 Rxd3
41. Rc1+ Kb6 42. Kg7 Rdd8 43. Ra1 Ra8 44. b4 Kb5 45. Kxf7 Rxh7+ 46. Kxe6 Ra6+
47. Kf5 Kxb4 48. e6 Kb3 49. Kg6 Re7 50. f5 Kb2 51. Re1 a1=Q 52. Rxa1 Kxa1 53.
Kf6 Rb7 54. Ke5 Rb5+ 55. Kf6 Raa5 56. e7 Rxf5+ 57. Kg6 Rae5 58. e8=Q Rxe8 59.
Kxf5 Kb2 60. Kf4 Kc3 61. Kf5 Kd4 62. Kf6 Re5 63. Kf7 Ke4 64. Kg6 Rf5 65. Kg7 Ke5
66. Kg6 Ke6 67. Kg7 Rf6 68. Kg8 Rf7 69. Kh8 Kf6 70. Kg8 Kg6 71. Kh8 Rf8# {White
checkmated} 0-1

[Event "Team 45 45 League T55"]
[Site "Internet Chess Club"]
[Date "2012.12.08"]
[Round "4"]
[White "Barrett-CCSCSL"]
[Black "xwang1"]
[Result "1-0"]
[WhiteElo "2138"]
[BlackElo "2033"]
[Opening "King's Indian: East Indian defense"]
[ECO "A48"]
[Time "12:02:13"]
[TimeControl "2700+45"]

1. d4 Nf6 2. Nf3 g6 3. b3 Bg7 4. Bb2 d6 5. g3 b6 6. Bg2 Bb7 7. O-O O-O 8. c4 c5
9. e3 Na6 10. Qe2 Qd7 11. Rd1 Ne4 12. d5 Bxb2 13. Qxb2 Nf6 14. Nbd2 Nc7 15. e4
e5 16. dxe6 Qxe6 17. e5 dxe5 18. Ng5 Qc8 19. Qxe5 Ng4 20. Qc3 Bxg2 21. Kxg2 Qf5
22. Ngf3 Rfe8 23. h3 Ne5 24. Nxe5 Qxe5 25. Qxe5 Rxe5 26. Nf3 Re2 27. Rd7 Ne6 28.
a4 Rd8 29. Rxa7 Rd3 30. Rb1 Nd4 31. Nxd4 cxd4 32. b4 Rdd2 33. Kf3 Rxf2+ 34. Ke4
Rfe2+ 35. Kd5 d3 36. Kd4 Re6 37. Rd7 Rg2 38. Kc3 Ra2 39. Rxd3 Rxa4 40. Kb3 Ra8
41. Rbd1 h5 42. Rd8+ Rxd8 43. Rxd8+ Kg7 44. Rd3 f5 45. c5 bxc5 46. bxc5 g5 47.
Kc4 Kf6 48. Kd5 Re8 49. Ra3 f4 50. gxf4 gxf4 51. c6 Kf5 52. c7 Rc8 53. Kc6 Ke4
54. Kd7 Rxc7+ 55. Kxc7 f3 56. Kd6 f2 57. Ra1 Kf4 58. h4 Kg3 59. Ke5 Kxh4 60. Kf4
Kh3 61. Kf3 Kh2 62. Kxf2 h4 63. Ra3 h3 64. Rg3 {Black resigns} 1-0